 Dungeon Crawl Stone Soup version 0.28-a0-730-g892d06dc2c (webtiles) character file.

Game seed: 13413405746535735503

83 OstrichLN the Caller (level 4, 0/18 HPs)
             Began as a Felid Summoner on Oct 28, 2021.
             Slain by a gnoll (2 damage)
             ... on level 3 of the Dungeon.
             The game lasted 00:17:16 (3015 turns).

OstrichLN the Caller (Felid Summoner)               Turns: 3015, Time: 00:17:16

Health: 0/18       AC:  1    Str:  4    XL:     4   Next: 22%
Magic:  2/9        EV: 17    Int: 17    God:
Gold:   95         SH:  0    Dex: 16    Spells: 2/9 levels left
                                        Lives:  0   Deaths: 1

rFire   . . .      SeeInvis +   (weapon unavailable)
rCold   . . .      Faith    .   (shield unavailable)
rNeg    . . .      Spirit   .   (armour unavailable)
rPois   .          Reflect  .   (helmet unavailable)
rElec   .          Harm     .   (cloak unavailable)
rCorr   .          Rampage  .   (gloves unavailable)
Will    .....                   (boots unavailable)
Stlth   ++........              (no amulet)
HPRegen 0.06/turn               (no ring)
MPRegen 0.11/turn               (no ring)

@: quick
A: very small, claws 1, fangs 3, see invisible, speed 1, shaggy fur 1, stealthy
paws, no weapons or thrown items, no armour, multi-lived
a: no special abilities


You were on level 3 of the Dungeon.
You visited 1 branch of the dungeon, and saw 3 of its levels.

You collected 95 gold pieces.

Inventory:

Wands
 a - a wand of flame (10)
Scrolls
 c - 4 scrolls of identify
 e - a scroll of blinking {unknown}
Potions
 b - a potion of mutation {unknown}


   Skills:
 - Level 2.6 Dodging
 - Level 2.6 Stealth
 - Level 0.9 Unarmed Combat
 + Level 3.2 Spellcasting
 + Level 5.4 Summonings


You had 2 spell levels left.
You knew the following spells:

 Your Spells              Type           Power      Damage    Failure   Level
a - Summon Small Mammal   Summ           84%        N/A       1%          1
b - Call Imp              Summ           21%        N/A       2%          2
c - Summon Lightning Spi  Summ/Air       12%        N/A       50%         4

Your spell library contained the following spells:

 Spells                   Type           Power      Damage    Failure   Level
 Sting                    Tmut/Pois      8%         1d3       17%         1
 Poisonous Vapours        Pois/Air       4%         N/A       26%         2
 Scorch                   Fire           4%         2d5       26%         2
 Call Canine Familiar     Summ           21%        N/A       5%          3
 Summon Guardian Golem    Hex/Summ       12%        N/A       17%         3
 Flame Wave               Conj/Fire      2%         3d3       86%         4
 Olgreb's Toxic Radiance  Pois           2%         N/A       86%         4
 Summon Cactus Giant      Summ           10%        N/A       95%         6


Dungeon Overview and Level Annotations

Branches:
Dungeon (3/15)

Altars:


Innate Abilities, Weirdness & Mutations

You have sharp claws.
You have razor-sharp teeth.
You have supernaturally acute eyesight. (SInv)
You cover ground quickly. (Speed+)
You are covered in fur. (AC +1)
Your paws help you pounce on unaware monsters.
You are incapable of wielding weapons or throwing items.
You cannot wear armour.
You gain extra lives every three experience levels.


Message History

You scratch the orc.
The orc is moderately wounded.
Your crimson imp barely misses the gnoll.
The orc closely misses you.
The gnoll closely misses your crimson imp.
The gnoll barely misses your crimson imp.
You closely miss the orc.
The orc is moderately wounded.
Your crimson imp closely misses the gnoll.
The orc barely misses you.
The gnoll hits your crimson imp with a +0 halberd!
The gnoll barely misses your crimson imp.
The gnoll misses your crimson imp.
You closely miss the orc.
The orc is moderately wounded.
Your crimson imp blinks!
The orc hits you with a +0 short sword.
* * * LOW HITPOINT WARNING * * *
You closely miss the orc.
The orc is moderately wounded.
The gnoll barely misses you. The orc misses you.
You closely miss the orc.
The orc is moderately wounded.
The gnoll misses you. The orc closely misses you.
Casting: Call Imp (safe; 2% risk of failure)
Confirm with . or Enter, or press ? or * to list all spells.
A metallic apparition takes form in the air.
Your crimson imp disappears in a puff of smoke!
The gnoll barely misses you. The orc barely misses you.
You barely miss the orc. You bite the orc, but do no damage.
The orc is moderately wounded.
The gnoll misses you. The orc misses you.
You scratch the orc.
The orc is moderately wounded.
Your iron imp barely misses the gnoll.
The gnoll barely misses you. The orc closely misses you.
You scratch the orc.
You kill the orc!
The gnoll hits you from afar with a +0 halberd.
You die...

#...............
########.g......
#........ ######g##
#.# #.#
############(##
#.######g.............
#...)@5gg.............
########g...........##
#...........(#
#............##
#...g..........
##.############
#............#
#....#######.#
#..........#.#


You could see 4 gnolls and a friendly iron imp (summoned).

Vanquished Creatures
  2 dart slugs
  An orc (D:3)
  A ball python (D:1)
  An endoplasm (D:2)
  A giant cockroach (D:1)
  A hobgoblin (D:1)
  A kobold (D:1)
  2 quokkas (D:1)
  A bat (D:1)
  A frilled lizard (D:1)
  5 rats
17 creatures vanquished.

Vanquished Creatures (collateral kills)
  An iguana (D:3)
  A gnoll (D:1)
  5 adders
  2 worms (D:2)
  2 dart slugs (D:2)
  3 ball pythons (D:2)
  3 goblins
  7 hobgoblins
  A kobold (D:1)
  A quokka (D:1)
  5 rats
31 creatures vanquished.

Vanquished Creatures (others)
  2 demonic plants (D:1)
2 creatures vanquished.

Grand Total: 50 creatures vanquished

Notes
Turn   | Place    | Note
-------+----------+-------------------------------------------
     0 | D:1      | OstrichLN the Felid Summoner began the quest for the Orb.
     0 | D:1      | Reached XP level 1. HP: 7/7 MP: 4/4
   221 | D:1      | Reached XP level 2. HP: 10/11 MP: 1/6
   242 | D:1      | Found a faded altar of an unknown god.
   462 | D:1      | Learned a level 2 spell: Call Imp
   477 | D:1      | Reached XP level 3. HP: 12/14 MP: 2/7
  1681 | D:2      | Reached XP level 4. HP: 16/18 MP: 5/9
  1822 | D:2      | Learned a level 4 spell: Summon Lightning Spire
  1984 | D:2      | Reached skill level 5 in Summonings
  2543 | D:3      | Noticed a nameless horror
  2666 | D:3      | Slain by a gnoll
  2667 | D:3      | Reached XP level 3. HP: -1/14 MP: 1/8
  2966 | D:3      | Reached XP level 4. HP: 3/18 MP: 1/9
  3015 | D:3      | Slain by a gnoll

Illustrated notes

Levels and vault maps discovered:
D:1:      wander_arrival_fairy_ring, layout_basic,
          dreamdust_ecumenical_altar_sealed_demon, corexii_leaking_fountain
D:2:      layout_basic, minmay_distorted
D:3:      layout_basic, chequers_serial_rivers_small_a

Skill      XL: |  1  2  3  4 |
---------------+-------------+-----
Spellcasting   | 3 |  3.2
Summonings     | 5 |  5.4
Dodging        | |  2.6
Stealth        | |  2.6
Unarmed Combat | |  0.9

Action                   |  1- 3 |  4- 6 || total
-------------------------+-------+-------++-------
Melee: Unarmed           |    29 |    15 ||    44
       Bite              |       |     3 ||     3
 Cast: Summon Small Mamm |    20 |     9 ||    29
       Call Imp          |    27 |    12 ||    39
  Use: Potion            |     2 |     1 ||     3
       Scroll            |     1 |     1 ||     2
 Stab: Sleeping          |     7 |     1 ||     8
       Distracted        |     2 |       ||     2
Armor: Skin              |     2 |     2 ||     4
Dodge: Dodged            |    36 |    41 ||    77

Table legend: (Time is in decaauts)
 A = Elapsed time spent in this place.
 B = Non-inter-level travel time spent in this place.
 C = Inter-level travel time spent in this place.
 D = Time resting spent in this place.
 E = Time spent auto-exploring this place.
 F = Levels seen in this place.
 G = Mean time per level.
                   A        B        C        D        E       F      G
               +--------+--------+--------+--------+--------+-----+--------+
         Total |   2543 |   2524 |     19 |      0 |    675 |   3 |  847.7 |
       Dungeon |   2543 |   2524 |     19 |      0 |    675 |   3 |  847.7 |
               +--------+--------+--------+--------+--------+-----+--------+

Top non-repeatable levels by time:
     D:2: 1208 daAuts
     D:1: 934 daAuts
     D:3: 400 daAuts
